 Dungeon Crawl Stone Soup version 0.29-a0-323-g050149af67 (webtiles) character file.

Game seed: 8634582965369565653

569 Murumi the Covert (level 7, -4/40 HPs)
             Began as a Vampire Enchanter on Apr 11, 2022.
             Was a Follower of Okawaru.
             Slain by a gnoll sergeant
             ... wielding a +0 trident
              (11 damage)
             ... on level 5 of the Dungeon.
             The game lasted 00:14:19 (4529 turns).

Murumi the Covert (Vampire Enchanter)               Turns: 4529, Time: 00:14:20

Health: -4/40      AC:  4    Str:  7    XL:     7   Next: 11%
Magic:  1/10       EV: 12    Int: 18    God:    Okawaru [*.....]
Gold:   152        SH:  0    Dex: 16    Spells: 2/10 levels left

rFire   . . .      SeeInvis +   a - +6 dagger (protect)
rCold   + + .      Faith    .   (no shield)
rNeg    + + +      Spirit   .   b - +0 robe
rPois   ∞          Reflect  .   (no helmet)
rElec   .          Harm     .   m - +0 cloak
rCorr   .          Rampage  .   h - +0 pair of gloves {hurl}
Will    .....                   (no boots)
Stlth   ++++++....              (no amulet)
HPRegen 0.00/turn               e - ring of wizardry
MPRegen 0.12/turn               (no ring)

@: bloodless, inhibited regen
A: bloodless, fangs 3, see invisible, vampiric 2
a: Bat Form, Revivify, Renounce Religion, Heroism


You were on level 5 of the Dungeon.
You worshipped Okawaru.
Okawaru was aware of your devotion.
You visited 1 branch of the dungeon, and saw 5 of its levels.
You also visited: Sewer.

You collected 152 gold pieces.

Inventory:

Hand Weapons
 a - a +6 dagger of protection (weapon)
Armour
 b - a +0 robe (worn)
 h - a +0 pair of gloves of hurling (worn)
 m - a +0 cloak (worn)
Jewellery
 e - a ring of wizardry (left hand)
Wands
 r - a wand of iceblast (4)
Scrolls
 i - 3 scrolls of teleportation
 o - a scroll of blinking
Potions
 c - 2 potions of invisibility
 d - 3 potions of mutation
 f - a potion of attraction {unknown}
 g - 4 potions of curing
 j - a potion of magic {unknown}
 l - a potion of resistance {unknown}
 n - a potion of degeneration {unknown}
 p - 2 potions of flight
 q - 2 potions of heal wounds


   Skills:
 - Level 2.0 Fighting
 - Level 4.0 Short Blades
 - Level 1.0 Armour
 - Level 2.1 Dodging
 - Level 8.0 Stealth
 - Level 2.0 Spellcasting
 + Level 6.9 Hexes
 - Level 1.0 Ice Magic
 - Level 1.0 Invocations


You had 2 spell levels left.
You knew the following spells:

 Your Spells              Type           Power      Damage    Failure   Level
a - Ensorcelled Hibernat  Hex/Ice        32%        N/A       2%          2
b - Confusing Touch       Hex            26%        N/A       1%          3
c - Dazzling Flash        Conj/Hex       28%        N/A       5%          3

Your spell library contained the following spells:

 Spells                   Type           Power      Damage    Failure   Level
 Corpse Rot               Necr/Air       2%         N/A       11%         2
 Poisonous Vapours        Pois/Air       2%         N/A       11%         2
 Anguish                  Hex/Necr       7%         N/A       17%         4
 Leda's Liquefaction      Hex/Erth       7%         N/A       17%         4
 Spider Form              Tmut/Pois      1%         N/A       21%         3
 Lee's Rapid Deconstruct  Erth           0%         3d5*      86%         5
 Statue Form              Tmut/Erth      0%         N/A       100%        6
 Tukima's Dance           Hex            Unusable   N/A       N/A         3

Dungeon Overview and Level Annotations

Branches:
Dungeon (5/15)              Sewer (visited)
 Temple: D:4-7

Altars:
Okawaru

Shops:
D:5 (


Innate Abilities, Weirdness & Mutations

You do not regenerate when monsters are visible.
You are frail without blood (-20% HP).
You can heal yourself when you bite living creatures.
You are immune to poison.
You have razor-sharp teeth.
You have supernaturally acute eyesight. (SInv)
You are afflicted with vampirism and can become a bat while bloodless.


Message History

You kill the gnoll!
Okawaru accepts your kill.
A gnoll comes into view. It is wielding a +0 spear.
A gnoll sergeant comes into view. It is wielding a +0 trident.
Things that are here:
a +0 flail; a gnoll corpse
There is a stone staircase leading up here.
The gnoll looks drowsy...
The helpless gnoll fails to defend itself.
You bite the gnoll, and draw its blood!
You stick the gnoll like a pincushion!!!
Your weapon exudes an aura of protection.
You kill the gnoll!
Okawaru accepts your kill.
The gnoll sergeant hits you with a +0 trident.
The gnoll barely misses you.
There is a stone staircase leading up here.
The gnoll sergeant resists with some effort.
The gnoll sergeant hits you with a +0 trident!
The gnoll hits you with a +0 spear.
The gnoll sergeant resists with some effort.
The gnoll sergeant hits you with a +0 trident!
You are too injured to fight recklessly!
Casting: Ensorcelled Hibernation (safe; 2% risk of failure)
Confirm with . or Enter, or press ? or * to list all spells.
Aiming: Ensorcelled Hibernation (safe; 2% risk of failure)
Press: ? - help, Shift-Dir - straight line, f/p - gnoll sergeant
Aim: a gnoll sergeant, wielding a +0 trident, wearing a +0 ring mail and wearing a +0 kite shield (chance to affect: 50%)
The gnoll sergeant resists with some effort.
The gnoll closely misses you.
The gnoll sergeant hits you with a +0 trident!
* * * LOW HITPOINT WARNING * * *
Casting: Ensorcelled Hibernation (safe; 2% risk of failure)
Confirm with . or Enter, or press ? or * to list all spells.
Aiming: Ensorcelled Hibernation (safe; 2% risk of failure)
Press: ? - help, Shift-Dir - straight line, f/p - gnoll sergeant
Aim: a gnoll sergeant, wielding a +0 trident, wearing a +0 ring mail and wearing a +0 kite shield (chance to affect: 50%)
The gnoll sergeant resists with some effort.
The gnoll sergeant hits you with a +0 trident!
You die...

.... . .. .....
..# ....###..
..#.#.. .# .....
..# ...
...####.##
#.........## #.
#.##...g@..##...
.......g....#..
.##............
##.......∩...
##.)..#.....
#..........
#........##.
....##...##
....# #...#


You could see a gnoll sergeant and a gnoll.

Vanquished Creatures
  2 kobold brigands (Sewer)
  A scorpion (D:4)
  2 hounds
  Crazy Yiuf (D:3)
  Terence (D:3)
  2 iguanas
  2 gnolls (D:5)
  7 adders
  2 river rats
  2 ufetubi (D:4)
  2 worms (D:2)
  3 orcs (D:3)
  2 bats
  4 endoplasms (D:2)
  10 giant cockroaches
  7 goblins
  7 hobgoblins
  7 jackals
  14 kobolds
  3 quokkas
  8 ball pythons
  9 rats
98 creatures vanquished.

Notes
Turn   | Place    | Note
-------+----------+-------------------------------------------
     0 | D:1      | Murumi the Vampire Enchanter began the quest for the Orb.
     0 | D:1      | Reached XP level 1. HP: 13/13 MP: 3/3
   193 | D:1      | Reached skill level 5 in Stealth
   278 | D:1      | Reached XP level 2. HP: 15/15 MP: 5/5
   321 | D:1      | Learned a level 2 spell: Ensorcelled Hibernation
  1088 | D:2      | Reached skill level 5 in Hexes
  1158 | D:2      | Gained mutation: You are afflicted with vampirism and can
                  | become a bat while bloodless. [Vampire growth]
  1158 | D:2      | Reached XP level 3. HP: 10/20 MP: 1/6
  1325 | D:2      | Learned a level 3 spell: Confusing Touch
  1400 | D:2      | Reached skill level 1 in Fighting
  1516 | D:2      | Reached skill level 1 in Ice Magic
  1727 | D:2      | Identified the +0 ring mail "Zyeb" {rElec rN+ Will- Str+4
                  | Slay+3}
  1749 | D:2      | Reached XP level 4. HP: 26/26 MP: 4/7
  2430 | D:3      | Reached skill level 6 in Stealth
  2608 | D:3      | Found an iron altar of Okawaru.
  2613 | D:3      | Became a worshipper of Warmaster Okawaru
  2912 | D:3      | Noticed Terence
  2915 | D:3      | Killed Terence
  2916 | D:3      | Reached XP level 5. HP: 30/30 MP: 8/8
  2941 | D:3      | Reached skill level 1 in Invocations
  2943 | D:3      | Reached skill level 1 in Armour
  3270 | D:3      | Found a faded altar of an unknown god.
  3540 | D:3      | Found a runed translucent door.
  3541 | D:3      | Noticed Crazy Yiuf
  3548 | D:3      | Killed Crazy Yiuf
  3634 | D:4      | Reached skill level 7 in Stealth
  3652 | D:4      | Reached XP level 6. HP: 35/35 MP: 9/9
  3775 | D:4      | Found a glowing drain.
  3787 | Sewer    | Entered a sewer
  3921 | Sewer    | Reached skill level 8 in Stealth
  4317 | D:4      | Learned a level 3 spell: Dazzling Flash
  4412 | D:4      | Reached * piety under Okawaru
  4413 | D:4      | Reached XP level 7. HP: 40/40 MP: 10/10
  4507 | D:5      | Entered Level 5 of the Dungeon
  4507 | D:5      | Found Oraeschy's Antique Weapon Boutique.
  4529 | D:5      | Slain by a gnoll sergeant

Illustrated notes

Levels and vault maps discovered:
D:1:      grunt_arrival_crossed_arrows, layout_loops_corners
D:2:      layout_basic
D:3:      minmay_octagon_keep, layout_basic, okawaru_gym_becter,
          basic_ecumenical_altar, uniq_crazy_yiuf_cottage, uniq_terence
D:4:      layout_rooms, portal_sewer_entry_e
D:5:      layout_cave_pools, serial_gnoll_camp, gnoll_camp_huts_basic,
          gnoll_camp_mini_shop, gnoll_camp_mini_doghouse, gnoll_camp_mini_hut,
          serial_shops, nicolae_square_shop, nicolae_shop_behind_doors,
          nicolae_take_the_stairs, nicolae_shop_statue_plus, shop,
          nicolae_concentric_dashed_squares_wild

Skill      XL: |  1  2  3  4  5  6 |
---------------+-------------------+-----
Stealth        | 5 6 7 8 |  8.0
Short Blades   | 2 3 4 |  4.0
Hexes          | 5 6 |  6.9
Fighting       | 2 |  2.0
Ice Magic      | 1 |  1.0
Invocations    | 1 |  1.0
Armour         | 1 |  1.0
Dodging        | |  2.1
Spellcasting   | |  2.0

Action                   |  1- 3 |  4- 6 |  7- 9 || total
-------------------------+-------+-------+-------++-------
Melee: Dagger            |    51 |   101 |     3 ||   155
       Bite              |     2 |     5 |       ||     7
       Punch             |     1 |       |       ||     1
 Cast: Ensorcelled Hiber |    19 |    34 |     5 ||    58
 Abil: Exsanguinate      |     1 |       |       ||     1
  Use: Scroll            |     8 |     6 |       ||    14
 Stab: Sleeping          |    28 |    41 |     2 ||    71
       Distracted        |     1 |     3 |     1 ||     5
Armor: Robe              |     7 |    20 |       ||    27
Dodge: Dodged            |    25 |    34 |     2 ||    61

Table legend: (Time is in decaauts)
 A = Elapsed time spent in this place.
 B = Non-inter-level travel time spent in this place.
 C = Inter-level travel time spent in this place.
 D = Time resting spent in this place.
 E = Time spent auto-exploring this place.
 F = Levels seen in this place.
 G = Mean time per level.
                   A        B        C        D        E       F      G
               +--------+--------+--------+--------+--------+-----+--------+
         Total |   4546 |   4227 |    319 |    115 |   3206 |   6 |  757.7 |
       Dungeon |   4147 |   3828 |    319 |     39 |   2977 |   5 |  829.4 |
         Sewer |    398 |    398 |      0 |     76 |    228 |   1 |  398.0 |
               +--------+--------+--------+--------+--------+-----+--------+

Top non-repeatable levels by time:
     D:2: 1428 daAuts
     D:3: 1110 daAuts
     D:1: 1067 daAuts
     D:4: 521 daAuts
   Sewer: 398 daAuts
     D:5: 21 daAuts
